 Dungeon Crawl Stone Soup version 0.17.2 (webtiles) character file.

121 DEFE the Shield-Bearer (level 4, -3/28 HPs)
             Began as a Deep Elf Fighter on May 23, 2016.
             Slain by a hound (4 damage)
             ... on level 4 of the Dungeon.
             The game lasted 00:04:12 (3607 turns).

DEFE the Shield-Bearer (Deep Elf Fighter)           Turns: 3607, Time: 00:04:12

Health: -3/28      AC:  6    Str: 13    XL:     4   Next: 76%
Magic:  6/6        EV:  7    Int: 14    God:
Gold:   102        SH:  8    Dex: 14    Spells: 0 memorised, 3 levels left

rFire  + . .     SeeInvis .     q - +0 short sword (venom)
rCold  . . .     Clarity  .     b - +0 scale mail
rNeg   . . .     SustAt   .     c - +0 shield
rPois  .         Gourm    .     (no helmet)
rElec  .         Spirit   .     (no cloak)
rCorr  .         Warding  .     (no gloves)
rMut   .         Stasis   .     (no boots)
MR     .....                    (no amulet)
Stlth  ..........               (no ring)
                                f - ring of protection from fire

@: not resistant to hostile enchantments, extremely unstealthy
A: no striking features
a: no special abilities


You were on level 4 of the Dungeon.
You were not hungry.

You visited 1 branch of the dungeon, and saw 4 of its levels.

You collected 102 gold pieces.

Inventory:

Hand Weapons
 a - a +0 long sword
 q - a +0 short sword of venom (weapon)
 r - a +0 blowgun
Missiles
 s - 6 poisoned needles
Armour
 b - a +0 scale mail (worn)
 c - a +0 shield (worn)
Jewellery
 f - a ring of protection from fire (left hand)
Scrolls
 g - 5 scrolls of identify {unknown}
 h - a scroll of noise {unknown}
 i - a scroll of remove curse {unknown}
 k - 2 scrolls of teleportation {unknown}
 l - a scroll of random uselessness {unknown}
 m - 2 scrolls of immolation {unknown}
 n - a scroll of amnesia {unknown}
Potions
 d - a potion of might
 j - 3 potions of heal wounds {unknown}
 o - 2 potions of agility {unknown}
 p - a potion of invisibility {unknown}
 t - a potion of poison {unknown}
 u - a potion of curing
 v - a potion of brilliance {unknown}
 x - a potion of flight {unknown}
 z - a potion of mutation {unknown}
Books
 w - a book of Cantrips

   Spells                             Type                      Level
   a - Corona                         Hexes                        1
   b - Animate Skeleton               Necromancy                   1
   c - Summon Small Mammal            Summoning                    1
   d - Apportation                    Translocation                1
Comestibles
 e - 2 bread rations


   Skills:
 + Level 3.1 Fighting
 + Level 2.2 Long Blades
 + Level 2.9 Armour
 + Level 1.6 Dodging
 + Level 3.2 Shields


You had 3 spell levels left.
You didn't know any spells.

Dungeon Overview and Level Annotations

Branches:
Dungeon (4/15)
 Temple: D:4-7

Altars:
The Shining One

Annotations:
D:4 nublet's ghost, amateur DrTm


Message History

You block the hound's attack.
Nublet's ghost wails, "I have seen your future, and it is all used up."
Nublet's ghost hits you.
You closely miss nublet's ghost. The hound bites you but does no damage.
Nublet's ghost hits you. The hound bites you.
You hit nublet's ghost.
Nublet's ghost is lightly damaged.
The hound bites you but does no damage.
Nublet's ghost hits you but does no damage.
The hound bites you.
You hit nublet's ghost but do no damage.
Nublet's ghost is lightly damaged.
The hound barely misses you. Nublet's ghost hits you.
* * * LOW HITPOINT WARNING * * *
The hound bites you.
* * * LOW HITPOINT WARNING * * *
Nublet's ghost hits you.
* * * LOW HITPOINT WARNING * * *
The hound bites you.
You die...

####.#### #.......#
#.......# ####.......##
##...........#
###...#........#
..............##.
#...#..@........
###.#...#h###.##
#.......#.# #†###...#W#
########.#
#.###........
.........###.#
#........
########.....#
#........
#######.#...###.....$..
#..........)...........


You could see a hound and nublet's ghost.

Vanquished Creatures
  5 adders
  A worm (D:3)
  3 orcs (D:3)
  A ball python (D:3)
  10 hobgoblins
  8 jackals
  10 kobolds
  3 quokkas (D:3)
  9 bats
  3 giant cockroaches
  6 giant newts
  3 goblins
  8 rats
70 creatures vanquished.

Notes
Turn   | Place    | Note
--------------------------------------------------------------
     0 | D:1      | DEFE the Deep Elf Fighter began the quest for the Orb.
     0 | D:1      | Reached XP level 1. HP: 13/13 MP: 3/3
   292 | D:1      | Reached XP level 2. HP: 13/18 MP: 4/4
  1140 | D:2      | Reached skill level 1 in Dodging
  1140 | D:2      | Reached XP level 3. HP: 17/22 MP: 5/5
  1303 | D:2      | Reached skill level 3 in Shields
  1835 | D:2      | Reached XP level 4. HP: 14/27 MP: 6/6
  2320 | D:2      | Found a glowing golden altar of the Shining One.
  3596 | D:4      | Noticed nublet's ghost (amateur DrTm)
  3604 | D:4      | HP: 1/28 [nublet's ghost (1)]
  3607 | D:4      | Slain by a hound

Action                   |  1- 3 |  4- 6 || total
-------------------------+-------+-------++-------
Melee: Long sword        |   149 |    15 ||   164
       Short sword       |       |    87 ||    87
 Fire: Blowgun           |       |     5 ||     5
  Use: Potion            |     2 |       ||     2
  Eat: Chunk             |     2 |     2 ||     4
       Bread ration      |       |     1 ||     1
